 Dungeon Crawl Stone Soup version 0.30-a0-1059-g7dea3e163d (webtiles) character file.

Game seed: 13466905998257989680

8701 Majang the Cleaver (level 11, -1/95 HPs)
             Began as a Meteoran Fighter on Apr 12, 2023.
             Was a Priest of Makhleb.
             Slain by a skeletal warrior
             ... wielding a +0 war axe
              (9 damage)
             ... on level 9 of the Dungeon.
             The game lasted 00:45:57 (5023 turns).

Majang the Cleaver (Meteoran Fighter)               Turns: 5023, Time: 00:45:58

Health: -1/95      AC: 17    Str: 26    XL:     11   Next: 91%
Magic:  17/17      EV: 10    Int:  9    God:    Makhleb [***...]
Gold:   468        SH:  6    Dex: 15    Spells: 10/10 levels left

rFire   . . .      SeeInvis .    C - +4 war axe "Odyutisa" {venom, Contam Str+3 Int+3 Stlth+}
rCold   . . .      Faith    .    c - +1 buckler
rNeg    + . .      Spirit   .    v - +0 plate armour
rPois   .          Reflect  .    (no helmet)
rElec   .          Rampage  .    (no cloak)
rCorr   .                        q - +1 Delatra's gloves {ID++}
Will    +....                    w - +0 pair of boots Stlth
                                 h - amulet of regeneration
HPRegen 1.15/turn                j - ring of positive energy
MPRegen 0.15/turn                u - ring "Damaocro" {+Blink Fly Int-4 Dex+2}

@: flying, glowing
A: sense surroundings 2, otherworldly, glowing, explore regen
a: Renounce Religion, Evoke Blink, Minor Destruction, Lesser Servant of Makhleb


You were on level 9 of the Dungeon.
You worshipped Makhleb.
Makhleb was most pleased with you.
You visited 2 branches of the dungeon, and saw 10 of its levels.

You collected 479 gold pieces.
You spent 11 gold pieces at shops.

Inventory:

Hand Weapons
 a - a +3 vampiric hand axe
 b - a +3 battleaxe
 l - a +0 war axe
 A - a +3 morningstar
 C - the +4 war axe "Odyutisa" (weapon) {venom, Contam Str+3 Int+3 Stlth+}
   (You took it off a kobold demonologist on level 9 of the Dungeon)

   Str:       It affects your strength (+3).
   Int:       It affects your intelligence (+3).
   Contam:    It causes magical contamination when unequipped.
   Stlth:     It makes you more stealthy.
 D - a +2 battleaxe of freezing
Armour
 c - a +1 buckler (worn)
 q - the +1 Delatra's gloves (worn) {ID++}
   (You found it on level 5 of the Dungeon)

   ID++:      It heals its wearer when they drink unknown potions, and restores
   their MP when they read unknown scrolls.
 v - a +0 plate armour (worn)
 w - a +0 pair of boots (worn)
Jewellery
 f - a ring of magical power
 g - an amulet of magic regeneration
 h - an amulet of regeneration (around neck)
 j - a ring of positive energy (left hand)
 s - a ring of positive energy
 u - the ring "Damaocro" (right hand) {+Blink Fly Int-4 Dex+2}
   (You found it on level 8 of the Dungeon)

   [ring of flight]

   Int:       It affects your intelligence (-4).
   Dex:       It affects your dexterity (+2).
   Fly:       It grants you flight.
   +Blink:    It lets you blink.
Wands
 y - a wand of paralysis (2)
 z - a wand of flame (61)
 E - a wand of quicksilver (7)
 F - a wand of digging (5)
 H - a wand of mindburst (5)
Scrolls
 k - a scroll of magic mapping
 r - 2 scrolls of identify
 t - a scroll of blinking
 x - 3 scrolls of fear
 B - a scroll of vulnerability
 G - a scroll of amnesia
Potions
 d - a potion of might
 e - 11 potions of curing
 i - 3 potions of lignification
 m - 3 potions of mutation
 n - a potion of cancellation
 o - 2 potions of attraction
 p - 2 potions of brilliance


   Skills:
 + Level 8.6 Fighting
 * Level 12.2 Axes
 + Level 8.2 Armour
 + Level 7.1 Dodging
 - Level 5.0 Shields
 + Level 7.5 Invocations
 + Level 6.7 Evocations


You had 10 spell levels left.
You didn't know any spells.
Your spell library contained the following spells:

 Spells                   Type           Power      Damage    Failure   Level
 Kiss of Death            Conj/Necr      0%         2d5       99%         1
 Confusing Touch          Hex            0%         N/A       100%        3
 Dispel Undead            Necr           0%         3d6       100%        4


Dungeon Overview and Level Annotations

Branches:
Dungeon (9/15) Zot: 321    Temple (1/1) D:5 Zot: 588    Lair (0/5) D:9
    Orc (0/2) D:9

Altars:
Ashenzari
Cheibriados
Elyvilon
Fedhas
Hepliaklqana
Makhleb
Ru
Uskayaw
Vehumet
Xom
Yredelemnul
Zin

Shops:
D:2 !


Innate Abilities, Weirdness & Mutations

You passively map the area around you.
You are easily found by Zot.
You glow in the dark.
You regain HP and MP as you explore.


Message History

You slash the skeletal warrior!
The skeletal warrior is heavily damaged.
The skeletal warrior hits you with a +0 war axe.
You hit the skeletal warrior but do no damage.
The skeletal warrior is heavily damaged.
The skeletal warrior hits you but does no damage.
You barely miss the skeletal warrior.
The skeletal warrior is heavily damaged.
The skeletal warrior hits you but does no damage.
You hit the skeletal warrior but do no damage.
The skeletal warrior is heavily damaged.
The skeletal warrior hits you with a +0 war axe.
You hit the skeletal warrior but do no damage.
The skeletal warrior is heavily damaged.
You block the skeletal warrior's attack.
You hit the skeletal warrior but do no damage.
The skeletal warrior is heavily damaged.
The skeletal warrior hits you with a +0 war axe!
You closely miss the skeletal warrior.
The skeletal warrior is heavily damaged.
You hit the skeletal warrior but do no damage.
The skeletal warrior is heavily damaged.
The skeletal warrior hits you with a +0 war axe!
You barely miss the skeletal warrior.
The skeletal warrior is heavily damaged.
The skeletal warrior hits you with a +0 war axe!
* * * LOW HITPOINT WARNING * * *
You barely miss the skeletal warrior.
The skeletal warrior is heavily damaged.
The skeletal warrior hits you with a +0 war axe!
* * * LOW HITPOINT WARNING * * *
Okay, then.
You hit the skeletal warrior.
The skeletal warrior is severely damaged.
The skeletal warrior hits you with a +0 war axe!
* * * LOW HITPOINT WARNING * * *
You hit the skeletal warrior but do no damage.
The skeletal warrior is severely damaged.
The skeletal warrior hits you with a +0 war axe!
You die...

* < ,, ,, ...##.... ,
.. ,.....####....... *
, .. ,......##........
* ##. ...............#
,,,..##................
, ....).............. ,
....##............ *
,,, *
#)z..#$........... * ,
, #@##.##........... ,*
,, #....####......... *
, , #....)###....)....
*, #...))..#........#
,, ##.#............##
*,, #####.........## *
, ###........#
##.#.....# ######.##


You could see a skeletal warrior.

Vanquished Creatures
  2 two-headed ogres (D:9)
  A centaur warrior (D:9)
  A deep elf pyromancer (D:9)
  A cyclops (D:9)
  A komodo dragon (D:9)
  A kobold demonologist (D:9)
  Prince Ribbit (D:6)
  A slime creature (D:9)
  7 yaks (D:9)
  2 steam dragons (D:8)
  3 water moccasins (D:6)
  A black bear (D:6)
  2 ice beasts (D:7)
  3 orc warriors
  An ogre (D:6)
  4 centaurs
  A boggart (D:9)
  A phantom (D:5)
  2 kobold brigands (D:9)
  A gnoll sergeant (D:9)
  2 bullfrogs (D:7)
  A scorpion (D:6)
  17 wights
  A killer bee (D:9)
  3 howler monkeys
  9 hounds
  6 orc priests
  2 jellies (D:5)
  2 sleepcaps
  An iguana (D:7)
  12 orc wizards
  3 gnolls (D:9)
  5 adders
  A shadow imp (D:7)
  2 ufetubi
  A worm (D:2)
  A dart slug (D:3)
  54 orcs
  7 bats
  8 endoplasms
  4 giant cockroaches
  4 goblins
  9 hobgoblins
  4 quokkas
  6 ball pythons
  A frilled lizard (D:2)
  9 kobolds
  5 rats
  2 butterflies (D:8)
219 creatures vanquished.

Vanquished Creatures (others)
  A steam dragon (D:8)
  5 plants (D:9)
6 creatures vanquished.

Grand Total: 225 creatures vanquished

Notes
Turn   | Place    | Note
-------+----------+-------------------------------------------
     0 | D:1      | Majang the Meteoran Fighter began the quest for the Orb.
     0 | D:1      | Reached XP level 1. HP: 19/19 MP: 2/2
   114 | D:1      | Reached XP level 2. HP: 24/26 MP: 3/3
   223 | D:1      | Reached skill level 3 in Axes
   454 | D:2      | Reached XP level 3. HP: 31/31 MP: 4/4
   487 | D:2      | Found Ryuliah's Distillery.
   498 | D:2      | Bought a potion of degeneration for 11 gold pieces
   764 | D:2      | Reached skill level 4 in Axes
   861 | D:2      | Reached XP level 4. HP: 40/40 MP: 5/5
  1065 | D:2      | Glimpsed the power of Zot.
  1115 | D:2      | Glimpsed the power of Zot.
  1183 | D:3      | Found a faded altar of an unknown god.
  1427 | D:3      | Found a broken altar of Ashenzari.
  1661 | D:3      | Glimpsed the power of Zot.
  1699 | D:4      | Reached XP level 5. HP: 44/46 MP: 6/6
  1840 | D:4      | Reached skill level 5 in Axes
  1943 | D:4      | Reached XP level 6. HP: 45/53 MP: 7/7
  2020 | D:4      | Found a sacrificial altar of Ru.
  2161 | D:5      | Entered Level 5 of the Dungeon
  2189 | D:5      | Noticed a centaur
  2198 | D:5      | Killed a centaur
  2199 | D:5      | Reached skill level 5 in Fighting
  2199 | D:5      | Reached skill level 6 in Axes
  2220 | D:5      | Reached XP level 7. HP: 58/61 MP: 8/8
  2291 | D:5      | Reached skill level 7 in Axes
  2291 | D:5      | Reached skill level 1 in Dodging
  2297 | D:5      | Found the +1 Delatra's gloves {ID++}
  2583 | D:5      | Found a staircase to the Ecumenical Temple.
  2591 | Temple   | Entered the Ecumenical Temple
  2596 | Temple   | Became a worshipper of Makhleb the Destroyer
  2687 | D:5      | Reached XP level 8. HP: 69/69 MP: 9/9
  2865 | D:5      | Glimpsed the power of Zot.
  2902 | D:6      | Reached skill level 1 in Invocations
  2999 | D:6      | Reached skill level 1 in Evocations
  3003 | D:6      | Reached skill level 8 in Axes
  3025 | D:6      | Gained mutation: You passively map the area around you.
                  | [Meteoran growth]
  3025 | D:6      | Reached XP level 9. HP: 66/75 MP: 11/11
  3059 | D:6      | Reached skill level 5 in Armour
  3061 | D:6      | Reached skill level 5 in Shields
  3141 | D:6      | Reached * piety under Makhleb
  3179 | D:6      | Reached skill level 9 in Axes
  3215 | D:6      | Noticed Prince Ribbit
  3228 | D:6      | Killed Prince Ribbit
  3539 | D:7      | Reached XP level 10. HP: 83/84 MP: 14/14
  4045 | D:7      | Glimpsed the power of Zot.
  4105 | D:8      | Reached skill level 5 in Invocations
  4106 | D:8      | Found a snail-covered altar of Cheibriados.
  4111 | D:8      | Found a glowing silver altar of Zin.
  4143 | D:8      | Reached skill level 10 in Axes
  4150 | D:8      | Reached skill level 5 in Dodging
  4208 | D:8      | Reached ** piety under Makhleb
  4238 | D:8      | Found a shimmering altar of Xom.
  4299 | D:8      | Identified the ring "Damaocro" {+Blink Fly Int-4 Dex+2}
  4420 | D:8      | Reached skill level 5 in Evocations
  4493 | D:8      | Found a blossoming altar of Fedhas.
  4493 | D:8      | Found a hide-covered altar of Uskayaw.
  4543 | D:9      | Found a staircase to the Orcish Mines.
  4565 | D:9      | Reached *** piety under Makhleb
  4694 | D:9      | Noticed a centaur warrior
  4711 | D:9      | Killed a centaur warrior
  4712 | D:9      | Reached skill level 11 in Axes
  4712 | D:9      | Reached XP level 11. HP: 48/93 MP: 16/16
  4720 | D:9      | Noticed a deep elf pyromancer
  4739 | D:9      | Killed a deep elf pyromancer
  4804 | D:9      | Noticed a two-headed ogre
  4806 | D:9      | Identified the +4 war axe "Odyutisa" {venom, Contam Str+3
                  | Int+3 Stlth+}
  4817 | D:9      | Killed a two-headed ogre
  4849 | D:9      | Noticed a cyclops
  4869 | D:9      | Killed a cyclops
  4878 | D:9      | Reached skill level 12 in Axes
  4928 | D:9      | Found a staircase to the Lair.
  4970 | D:9      | Noticed a two-headed ogre
  4978 | D:9      | Killed a two-headed ogre
  4995 | D:9      | Noticed a skeletal warrior
  5023 | D:9      | Slain by a skeletal warrior

Illustrated notes

Levels and vault maps discovered:
D:1:      saegor_arrival_under_anarchy, layout_basic
D:2:      layout_loops_corners, serial_shops, shop, hangedman_feature_mirror,
          minmay_misc_feat_chi, chequers_arboretum
D:3:      layout_loops_corners, kennysheep_okawaru_gauntlet, lemuel_round_altar,
          basic_ecumenical_altar
D:4:      layout_rooms, pf_just_have_faith, serial_curves, eino_curves_03,
          eino_curves_03
D:5:      layout_basic, minmay_temple_entry_stoned_glass,
          pf_guarded_unrand_delatra
D:6:      minmay_diamond_boxcup, layout_basic, uniq_prince_ribbit1
D:7:      nicolae_cairo_tiling, layout_layer_cave
D:8:      cheibrodos_steamvent, layout_rooms, xom_butterflies,
          grunt_temple_overflow_open, gammafunk_temple_overflow_statue
D:9:      minmay_the_grid_triangle_9x9_recursive_2_mashed
          [minmay_the_grid_triangle_9x9_prize_top_heavy,
          minmay_the_grid_triangle_9x9_limited_checkers,
          minmay_the_grid_triangle_9x9_sparse_checkered,
          minmay_the_grid_triangle_9x9_swiss_cheese], layout_cave_pools,
          lemuel_coloured_pillars_altar, david_lair_shrubbed, hiddenorc2_lemuel,
          nicolae_figureground_pulse
Temple:   nicolae_temple_bog_church

Skill      XL: |  1  2  3  4  5  6  7  8  9 10 11 |
---------------+----------------------------------+-----
Axes           | 3 4 5 6 7 8 9 11 12 | 12.2
Fighting       | 4 5 6 7 8 |  8.6
Dodging        | 1 2 4 5 7 |  7.1
Armour         | 4 5 7 8 |  8.2
Shields        | 4 5 |  5.0
Invocations    | 2 4 6 7 |  7.5
Evocations     | 1 3 5 6 |  6.7

Action                     |  1- 3 |  4- 6 |  7- 9 | 10-12 || total
---------------------------+-------+-------+-------+-------++-------
  Melee: War axe           |    80 |    18 |       |    72 ||   170
         Hand axe          |       |   107 |   100 |       ||   207
         Battleaxe         |       |       |    80 |   175 ||   255
 Invoke: Minor Destruction |       |       |       |     1 ||     1
  Evoke: Wand              |       |       |     1 |     5 ||     6
    Use: Scroll            |       |     9 |     4 |     3 ||    16
         Potion            |       |       |     3 |     4 ||     7
   Stab: Paralysed         |       |       |       |     6 ||     6
 Armour: Scale mail        |    42 |    59 |    15 |       ||   116
         Plate armour      |       |       |   107 |   195 ||   302
  Dodge: Dodged            |    35 |    44 |    50 |    84 ||   213
  Block: Buckler           |    23 |    36 |    17 |    24 ||   100

Table legend: (Time is in decaauts)
 A = Elapsed time spent in this place.
 B = Non-inter-level travel time spent in this place.
 C = Inter-level travel time spent in this place.
 D = Time resting spent in this place.
 E = Time spent auto-exploring this place.
 F = Levels seen in this place.
 G = Mean time per level.
                   A        B        C        D        E       F      G
               +--------+--------+--------+--------+--------+-----+--------+
         Total |   5088 |   4884 |    204 |     28 |      0 |  10 |  508.8 |
       Dungeon |   5077 |   4873 |    204 |     28 |      0 |   9 |  564.1 |
        Temple |     11 |     11 |      0 |      0 |      0 |   1 |   11.0 |
               +--------+--------+--------+--------+--------+-----+--------+

Top non-repeatable levels by time:
     D:5: 704 daAuts
     D:7: 703 daAuts
     D:2: 703 daAuts
     D:3: 583 daAuts
     D:9: 526 daAuts
     D:6: 525 daAuts
     D:4: 469 daAuts
     D:1: 451 daAuts
     D:8: 409 daAuts
  Temple: 11 daAuts
